 Dungeon Crawl Stone Soup version 0.24.0-13-gcf9b3192b9 (webtiles) character file.

Game seed: 17507272137899548470, levelgen mode: deterministic

7298 Fistmachine the Cleaver (level 11, -7/101 HPs)
             Began as a Hill Orc Fighter on Nov 9, 2019.
             Was a Priest of Beogh.
             Mangled by a vampire (11 damage)
             ... on level 9 of the Dungeon.
             The game lasted 00:28:28 (9595 turns).

Fistmachine the Cleaver (Hill Orc Fighter)          Turns: 9595, Time: 00:28:28

Health: -7/101     AC: 14    Str: 23    XL:     11   Next: 13%
Magic:  11/11      EV:  9    Int:  8    God:    Beogh [***...]
Gold:   489        SH: 12    Dex: 10    Spells: 10/10 levels left

rFire    . . .     SeeInvis .   a - +0 war axe
rCold    + . .     Gourm    .   c - +0 shield
rNeg     . . .     Faith    .   D - +2 ring mail {MR+}
rPois    .         Spirit   .   x - +1 helmet
rElec    .         Reflect  .   (no cloak)
rCorr    .         Harm     .   E - +0 pair of gloves
MR       +....                  G - +0 pair of boots
Stlth    ..........             (no amulet)
HPRegen  0.26/turn              i - ring of protection from cold
MPRegen  0.12/turn              (no ring)

@: about to teleport
A: no striking features
a: Smiting, Renounce Religion


You were on level 9 of the Dungeon.
You worshipped Beogh.
Beogh was most pleased with you.
You were near starving.

You visited 2 branches of the dungeon, and saw 10 of its levels.

You collected 489 gold pieces.

Inventory:

Hand Weapons
 a - a +0 war axe (weapon)
 b - a +0 hunting sling
 h - a +0 whip of pain
Missiles
 e - 146 stones (quivered)
 k - 57 poisoned darts
 m - 42 sling bullets
Armour
 c - a +0 shield (worn)
 l - a +0 scale mail
 x - a +1 helmet (worn)
 D - a +2 ring mail of magic resistance (worn)
 E - a +0 pair of gloves (worn)
 G - a +0 pair of boots (worn)
Jewellery
 i - a ring of protection from cold (left hand)
 u - an uncursed ring of stealth {unknown}
Wands
 K - a wand of random effects (15)
Scrolls
 d - a scroll of magic mapping {unknown}
 j - 3 scrolls of identify
 n - a scroll of amnesia
 t - a scroll of fog {unknown}
 v - 3 scrolls of remove curse {unknown}
 w - a scroll of random uselessness {unknown}
 y - 2 scrolls of immolation {unknown}
 H - 2 scrolls of enchant weapon {unknown}
 J - a scroll of fear
 L - a scroll of blinking {unknown}
 O - a scroll of vulnerability {unknown}
Potions
 p - 3 potions of curing {unknown}
 q - a potion of magic {unknown}
 r - a potion of haste {unknown}
 s - a potion of lignification {unknown}
 z - 3 potions of invisibility {unknown}
 A - 2 potions of brilliance {unknown}
 B - a potion of mutation {unknown}
 C - a potion of berserk rage {unknown}
 F - a potion of flight {unknown}
 I - a potion of resistance {unknown}
 M - a potion of agility
Comestibles
 f - 18 rations


   Skills:
 + Level 10.6 Fighting
 + Level 11.1 Axes
 + Level 9.8 Armour
 + Level 9.8 Shields


You had 10 spell levels left.
You didn't know any spells.
Your spell library contained the following spells:

 Spells                   Type           Power        Failure   Level  Hunger
 Corona                   Hex            #......      77%         1    ##.....
 Ensorcelled Hibernation  Hex/Ice        #.....       88%         2    ###....
 Confuse                  Hex            #.......     98%         3    ####...
 Dazzling Spray           Conj/Hex       #.....       98%         3    ####...
 Tukima's Dance           Hex            #.......     98%         3    ####...


Dungeon Overview and Level Annotations

Branches:
Dungeon (9/15)             Temple (1/1) D:6            Lair (0/6) D:9
    Orc: D:9-12

Altars:
Dithmenos
Gozag
Kikubaaqudgha
Makhleb
Okawaru
Vehumet
Yredelemnul

Shops:
D:7 *

Annotations:
D:5 3 runed translucent doors, exclusion: 3 doors, Descartes's ghost, amateur FeTm; Shaidar's ghost, novice HOFi; rumpelstilzz's ghost, novice OpVM


Message History

You hit something but do no damage. Something hits you!
Something bites you but does no damage.
You miss something. You block something's attack. Something bites you!
Something draws strength from your injuries!
You fail to use your ability.
Something hits you but does no damage. Something bites you!!
* * * LOW HITPOINT WARNING * * *
Something draws strength from your injuries!
You hit something. Something hits you!
* * * LOW HITPOINT WARNING * * *
Something bites you but does no damage.
Evoke which item? (* to show all) (? for menu, Esc to quit)
Aiming: Random Effects
Press: ? - help, Shift-Dir - straight line Nothing appears to happen.
Something hits you but does no damage. Something bites you but does no damage.
As you read the scroll of teleportation, it crumbles to dust.
You feel strangely unstable. Something hits you but does no damage.
Something bites you!
You die...

. . ......#..#.
#.......... #....>.....
###....# #$..(......
.......# #..(.......
.......# #..........
.......# #.#........
.......#######.{@.......
..............††o.......
................###.##..
................# ..
......########..# #..
......# #..# . ......#
#÷)# ......# #..#
......# #..#


You could see a friendly orc knight.

Vanquished Creatures
  2 death yaks (D:9)
  A troll (D:6)
  3 hippogriffs
  3 yaks (D:9)
  3 orc warriors
  Duvessa (D:7)
  4 ice beasts
  2 black bears
  2 phantoms
  4 ogres
  A centaur (D:6)
  A big kobold (D:6)
  4 bullfrogs
  Dowan (D:7)
  8 scorpions
  2 water moccasin skeletons
  4 killer bees (D:7)
  5 howler monkeys
  4 crimson imps
  A centaur zombie (D:6)
  5 hounds
  4 orc priests
  A centaur skeleton (D:6)
  An iguana (D:5)
  Natasha (twice) (D:3)
  3 worker ants
  An orc wizard (D:8)
  A howler monkey zombie (D:5)
  A mummy (D:5)
  A howler monkey skeleton (D:7)
  16 adders
  3 gnolls (D:5)
  A shadow imp (D:8)
  An ooze (D:3)
  An adder zombie (D:5)
  A worm (D:2)
  2 dart slugs
  3 leopard geckos
  16 orcs
  A ball python (D:2)
  2 giant cockroaches
  7 goblins
  7 hobgoblins
  11 jackals
  2 quokkas
  15 bats
  6 frilled lizards
  3 hobgoblin zombies (D:5)
  11 kobolds
  A kobold zombie (D:5)
  A leopard gecko skeleton (D:6)
  A leopard gecko zombie (D:8)
  2 quokka skeletons (D:7)
  8 rats
198 creatures vanquished.

Vanquished Creatures (collateral kills)
  2 death yaks (D:9)
  A hippogriff (D:8)
  3 yaks (D:9)
  A necrophage (D:9)
  A black bear (D:9)
  A bullfrog zombie (D:9)
  A hound (D:8)
  An orc priest (D:9)
  A leopard gecko (D:9)
12 creatures vanquished.

Vanquished Creatures (others)
  An orc warrior (D:9)
  2 orc wizards
  An orc (D:8)
  4 withered plants (D:5)
8 creatures vanquished.

Grand Total: 218 creatures vanquished

Notes
Turn   | Place    | Note
-------+----------+-------------------------------------------
     0 | D:1      | Fistmachine the Hill Orc Fighter began the quest for the
                  | Orb.
     0 | D:1      | Reached XP level 1. HP: 19/19 MP: 1/1
   240 | D:1      | Reached XP level 2. HP: 27/27 MP: 2/2
   247 | D:1      | Reached skill level 3 in Axes
   881 | D:1      | Reached XP level 3. HP: 28/33 MP: 3/3
  1109 | D:2      | Found an opulent altar of Gozag.
  1129 | D:2      | Reached XP level 4. HP: 33/40 MP: 4/4
  1872 | D:2      | Reached skill level 4 in Axes
  1987 | D:2      | Reached XP level 5. HP: 41/47 MP: 5/5
  2408 | D:3      | Found a basalt altar of Yredelemnul.
  2523 | D:3      | Found a burning altar of Makhleb.
  2529 | D:3      | Found a shadowy altar of Dithmenos.
  2693 | D:3      | Noticed Natasha
  2702 | D:3      | Killed Natasha
  2712 | D:3      | Noticed Natasha
  2726 | D:3      | Killed Natasha
  2726 | D:3      | Reached skill level 5 in Fighting
  2726 | D:3      | Reached XP level 6. HP: 25/56 MP: 6/6
  3346 | D:4      | Reached skill level 5 in Axes
  3359 | D:4      | Became a worshipper of Beogh the Brigand
  3529 | D:4      | Reached skill level 5 in Shields
  3686 | D:4      | Reached skill level 5 in Armour
  3718 | D:4      | Reached XP level 7. HP: 61/61 MP: 7/7
  3852 | D:4      | Found a radiant altar of Vehumet.
  3917 | D:5      | Entered Level 5 of the Dungeon
  3917 | D:5      | Found a runed translucent gate.
  3917 | D:5      | Found a runed translucent gate.
  3917 | D:5      | Found a runed translucent gate.
  3925 | D:5      | Noticed Descartes's ghost (amateur FeTm)
  3925 | D:5      | Noticed rumpelstilzz's ghost (novice OpVM)
  3925 | D:5      | Noticed Shaidar's ghost (novice HOFi)
  4075 | D:5      | Found an ancient bone altar of Kikubaaqudgha.
  4612 | D:5      | Reached skill level 6 in Axes
  4795 | D:5      | Reached XP level 8. HP: 71/71 MP: 8/8
  5023 | D:6      | Reached * piety under Beogh
  5307 | D:6      | Reached skill level 7 in Axes
  5526 | D:6      | Noticed a hippogriff
  5542 | D:6      | Killed a hippogriff
  5849 | D:6      | Reached XP level 9. HP: 72/79 MP: 9/9
  5914 | D:6      | Found a staircase to the Ecumenical Temple.
  5995 | D:6      | Reached skill level 8 in Axes
  6056 | D:6      | Noticed a troll
  6084 | D:6      | Killed a troll
  6307 | D:6      | HP: 4/81 [orc warrior/+0 flail (13)]
  6740 | Temple   | Entered the Ecumenical Temple
  7290 | D:7      | Reached skill level 9 in Axes
  7345 | D:7      | Reached ** piety under Beogh
  7463 | D:7      | Found Duk Jif's General Store.
  7580 | D:7      | Reached XP level 10. HP: 81/91 MP: 10/10
  7769 | D:7      | Noticed Duvessa
  7769 | D:7      | Noticed Dowan
  7783 | D:7      | Killed Duvessa
  7795 | D:7      | Killed Dowan
  8436 | D:8      | Reached *** piety under Beogh
  8969 | D:8      | Reached skill level 10 in Axes
  9278 | D:9      | Noticed a death yak
  9279 | D:9      | Noticed a death yak
  9284 | D:9      | Noticed a death yak
  9286 | D:9      | Noticed a death yak
  9287 | D:9      | Killed a death yak
  9293 | D:9      | Killed a death yak
  9293 | D:9      | Reached skill level 10 in Fighting
  9300 | D:9      | Killed a death yak
  9304 | D:9      | Killed a death yak
  9304 | D:9      | Reached XP level 11. HP: 50/101 MP: 8/11
  9511 | D:9      | Found a staircase to the Lair.
  9513 | D:9      | Reached skill level 11 in Axes
  9593 | D:9      | HP: 4/101 [something (12)]
  9595 | D:9      | Mangled by a vampire

Levels and vault maps discovered:
D:1:      scummos_arrival_star, layout_basic
D:2:      layout_basic, grunt_gozag_statues, first_ration,
          minmay_misc_feat_tower
D:3:      layout_rooms, lemuel_coloured_pillars_altar, grunt_dithmenos_smoke,
          bloody_makhleb, uniq_natasha
D:4:      layout_cave_pods, old_standard_altar, chequers_serial_rivers_micro_e
D:5:      layout_loops_ring, lemuel_doored_altar, gammafunk_ghost_cemetery,
          hangedman_abyss_or_decor_lesser_grid, chequers_mini_garden,
          minmay_mini_ossuary
D:6:      layout_rooms, minmay_temple_entry_purple_smoke,
          minmay_unpleasant_kobolds
D:7:      old_forge, layout_loops_ring, serial_shops, kennysheep_mini,
          uniq_duvessa
D:8:      layout_basic, grunt_ogre_cave
D:9:      layout_small_grid, slow_altar_1, doesnt_xom_only_xom,
          dpeg_lair_monsters, okawaru_gym_becter
Temple:   regret_index_temple_waves

Skill      XL: |  1  2  3  4  5  6  7  8  9 10 11 |
---------------+----------------------------------+-----
Axes           | 3 4 5 6 7 9 10 11 | 11.1
Fighting       | 4 5 6 7 9 10 | 10.6
Shields        | 4 5 6 8 9 |  9.8
Armour         | 4 5 6 8 9 |  9.8

Action                   |  1- 3 |  4- 6 |  7- 9 | 10-12 || total
-------------------------+-------+-------+-------+-------++-------
Melee: War axe           |    76 |   120 |   328 |   147 ||   671
 Fire: Hunting sling     |    18 |    82 |   194 |    40 ||   334
Throw: Stone             |    20 |     1 |     1 |       ||    22
Invok: Convert to Beogh  |       |     1 |       |       ||     1
       Smiting           |       |       |       |     1 ||     1
Evoke: Wand              |       |       |       |     1 ||     1
  Use: Scroll            |       |     6 |       |     1 ||     7
       Potion            |       |       |     4 |     3 ||     7
 Stab: Distracted        |       |       |       |     2 ||     2
  Eat: Chunk             |       |     8 |     6 |     6 ||    20
       Ration            |       |       |     2 |       ||     2
Armor: Scale mail        |    46 |    58 |   151 |       ||   255
       Ring mail         |       |       |    55 |    54 ||   109
Dodge: Dodged            |    32 |    42 |   158 |    32 ||   264
Block: Shield            |    49 |    70 |   217 |    75 ||   411
